 Dungeon Crawl Stone Soup version 0.19-a0-1626-g5215c36 (webtiles) character file.

298 Amciq the Skirmisher (level 6, -2/67 HPs)
             Began as an Ogre Monk on Sept 18, 2016.
             Killed from afar by an orc wizard (3 damage)
             ... with a puff of flame
             ... on level 3 of the Dungeon.
             The game lasted 00:10:13 (2912 turns).

Amciq the Skirmisher (Ogre Monk)                    Turns: 2912, Time: 00:10:15

Health: -2/67      AC:  3    Str: 18    XL:     6   Next: 35%
Magic:  6/6        EV: 11    Int:  9    God:
Gold:   113        SH:  0    Dex: 13    Spells: 0 memorised, 5 levels left

rFire  . . .     SeeInvis .     a - +0 mace
rCold  . . .     Gourm    .     b - +0 robe
rNeg   . . .     Faith    .     (no shield)
rPois  .         Spirit   .     (helmet restricted)
rElec  .         Dismiss  .     (no cloak)
rCorr  .         Reflect  .     (gloves unavailable)
MR     +....     Harm     .     (boots unavailable)
Stlth  ++........               (no amulet)
                                (no ring)
                                l - ring of protection from magic

@: no status effects
A: unfitting armour, tough skin 1
a: no special abilities


You were on level 3 of the Dungeon.
You were not hungry.

You visited 1 branch of the dungeon, and saw 3 of its levels.

You collected 113 gold pieces.

Inventory:

Hand Weapons
 a - a +0 mace (weapon)
Missiles
 e - 35 stones (quivered)
Armour
 b - a +0 robe (worn)
Jewellery
 i - a cursed -2 ring of evasion {unknown}
 l - a ring of protection from magic (left hand)
Scrolls
 g - 3 scrolls of remove curse
 k - 2 scrolls of identify
Comestibles
 c - 3 bread rations
 d - 2 beef jerkies
 f - a slice of pizza
 j - a royal jelly
 q - 3 meat rations


   Skills:
 + Level 5.7 Fighting
 + Level 5.4 Maces & Flails
 + Level 2.2 Throwing
 + Level 0.2 Armour
 + Level 3.3 Dodging
 + Level 3.0 Stealth


You had 5 spell levels left.
You didn't know any spells.

Dungeon Overview and Level Annotations

Branches:
Dungeon (3/15)

Altars:

Annotations:
D:3 Terence


Innate Abilities, Weirdness & Mutations

You are too large for most types of armour.
You have tough skin. (AC +1)


Message History

The orc priest invokes the aid of Beogh against you.
You resist with some effort.
Throwing (i - inventory):
e - 35 stones (quivered)
Press: ? - help, Shift-Dir - straight line
Okay, then.
Unknown command.
You aren't carrying any potions.
Okay, then.
Something hits you.
* * * LOW HITPOINT WARNING * * *
You hit something but do no damage. Something hits you.
* * * LOW HITPOINT WARNING * * *
Something hits you but does no damage.
You miss something. Something hits you.
* * * LOW HITPOINT WARNING * * *
The orc priest looks encouraged for a moment.
You hear some strange, mumbled words.
A puff of flame appears from out of thin air!
The puff of flame hits you!
You die...

#....##...#....#..########
#######...#....#..........
#..........########.
#..........# #..........#
###........# #....(...#
#.....o..# #####
#....@{..# ....#
#######K.# ###.# #....##
..#.# #...o.# ###.#
#..!K.#### ....#
#.....r.r# ###########
####>###.####...
..........# #.##....o....
###.#####.# #..+...(.....


You could see an orc priest and a kobold.

Vanquished Creatures
  Sigmund (D:2)
  6 adders
  2 oozes
  A worm (D:2)
  3 dart slugs
  3 leopard geckos
  3 orcs (D:3)
  4 giant cockroaches
  9 hobgoblins
  A quokka (D:2)
  A ball python (D:3)
  6 bats
  3 frilled lizards (D:2)
  6 goblins (D:2)
  9 kobolds
  13 rats
71 creatures vanquished.

Notes
Turn   | Place    | Note
-------+----------+-------------------------------------------
     0 | D:1      | Amciq the Ogre Monk began the quest for the Orb.
     0 | D:1      | Reached XP level 1. HP: 24/24 MP: 1/1
    90 | D:1      | Reached XP level 2. HP: 15/32 MP: 2/2
   961 | D:2      | Reached XP level 3. HP: 37/40 MP: 3/3
  1473 | D:2      | Reached skill level 1 in Throwing
  1481 | D:2      | Reached XP level 4. HP: 30/49 MP: 4/4
  1485 | D:2      | Noticed Sigmund
  1702 | D:2      | Killed Sigmund
  1702 | D:2      | Reached skill level 5 in Fighting
  1702 | D:2      | Reached skill level 5 in Maces & Flails
  1702 | D:2      | Reached XP level 5. HP: 32/57 MP: 5/5
  1773 | D:2      | Reached XP level 6. HP: 5/66 MP: 6/6
  2241 | D:3      | Noticed Terence
  2911 | D:3      | HP: 3/67 [something (4)]
  2912 | D:3      | HP: 1/67 [something (3)]
  2912 | D:3      | Killed from afar by an orc wizard

Vault maps used:
D:1:      dpeg_arrival_short_road
D:2:      minmay_randomly_rotated_circles, uniq_sigmund
D:3:      mumra_celtic_spiral_tile, uniq_terence

Skill      XL: |  1  2  3  4  5  6 |
---------------+-------------------+-----
Stealth        | 2 3 |  3.0
Throwing       | 1 2 |  2.2
Fighting       | 5 |  5.7
Maces & Flails | 5 |  5.4
Dodging        | 3 |  3.3
Armour         | |  0.2

Action                   |  1- 3 |  4- 6 || total
-------------------------+-------+-------++-------
Melee: Mace              |   121 |   130 ||   251
  Use: Potion            |       |     3 ||     3
       Scroll            |       |     6 ||     6
 Stab: Sleeping          |     2 |     6 ||     8
       Invisible         |       |     1 ||     1
  Eat: Chunk             |     2 |     5 ||     7
Armor: Robe              |    23 |    21 ||    44
Dodge: Dodged            |    62 |    67 ||   129
